AoeStats
← peagle

Arabia

510037464Analyzed
2v2 RM · 3d ago on Sep 29, 2026· 50m 10s· 4 players
Game mode
Random Map
Map size
Medium (4 player)
Population
200
Speed
Normal
Resources
Standard
Victory
Conquest
Starting age
Dark Age
Ending age
Imperial Age
RankedLock teamsTeams togetherTeam positionsShared explorationLock speedFull tech treeHidden civsTurbo modeCheats
Victory
Defeat
🇺🇸 Dravidians · United States
1014
+12
🇺🇸 Persians · United States
1007
+13
🇺🇸 Danes · United States
952
-14
🇺🇸 Japanese · United States
911
-12
peagle
7:54 Loom
10:11 Feudal Age
10:28 Man-at-Arms
10:56 Arson
15:47 Wheelbarrow
17:21 Scale Mail Armor
18:25 Double-Bit Axe
22:20 Castle Age
21:21 Fletching
21:55 Stone Mining
25:13 Gambesons
25:31 Squires
28:28 Bodkin Arrow
33:02 Bow Saw
33:36 Murder Holes
34:00 Chain Mail Armor
33:57 Forging
33:59 Thumb Ring
36:49 Elite Skirmisher
37:54 Ballistics
37:55 Padded Archer Armor
38:31 Iron Casting
38:19 Hand Cart
44:48 Leather Archer Armor
47:52 Imperial Age
49:13 Elite Varangian Guard
boo radley
6:44 Loom
9:25 Feudal Age
9:55 Double-Bit Axe
9:52 Horse Collar
9:43 Man-at-Arms
11:41 Arson
12:27 Fletching
13:43 Padded Archer Armor
17:44 Horse Collar
21:39 Castle Age
19:38 Horse Collar
21:27 Bloodlines
22:18 Wheelbarrow
21:37 Gold Mining
22:31 Bodkin Arrow
26:50 Bow Saw
29:21 Husbandry
34:00 Ballistics
38:12 Hand Cart
44:58 Imperial Age
43:03 Heavy Plow
44:07 Thumb Ring
43:55 Gold Mining
44:12 Scale Barding Armor
46:44 Heavy Cavalry Archer
49:19 Scale Mail Armor
49:23 Squires
BlackWaaltz
6:40 Loom
9:24 Feudal Age
12:19 Double-Bit Axe
12:18 Horse Collar
15:11 Fletching
22:34 Castle Age
22:39 Padded Archer Armor
22:40 Elite Skirmisher
23:36 Leather Archer Armor
27:32 Husbandry
44:03 Imperial Age
43:10 Devotion
44:20 Bow Saw
45:44 Scale Barding Armor
45:50 Forging
LetMeCook
7:03 Loom
9:34 Feudal Age
10:28 Double-Bit Axe
12:11 Horse Collar
19:52 Castle Age
19:13 Fletching
20:18 Crossbowman
21:48 Bodkin Arrow
25:42 Scale Barding Armor
28:58 Chain Barding Armor
28:40 Padded Archer Armor
32:08 Thumb Ring
32:22 Leather Archer Armor
32:12 Town Watch
33:03 Wheelbarrow
32:53 Kamandaran
37:42 Imperial Age
38:30 Ring Archer Armor
37:36 Cavalier
38:16 Husbandry
38:27 Bloodlines
38:56 Plate Barding Armor
38:32 Forging
39:34 Bow Saw
43:02 Chemistry
42:23 Ballistics
41:41 Savar
44:26 Iron Casting
Connection lost

Rejoining the realm…

Still unreachable

The connection could not be restored.

Session expired

The server has moved on; the page needs a fresh start.